Map: Orbital Shipyard

Players

Taimoor - Winner!

  • Race: Protoss Protoss
  • League: Diamond

sweetfreeze

  • Race: Protoss Protoss
  • League: Diamond

VOD

Have the link to the VOD?

Description

Excuse my awful macro :P

Time

  • Played on: Dec. 19, 2015, 9:36 p.m.
  • Length: 11:54
Show
View Real Time Build Order
Export as new Build Order

Taimoor Protoss - Winner!

Build Orders:  

Get SALT Encoding   

  12  0:01  Probe (Chrono Boost)  
  13  0:11  Probe (Chrono Boost)  
  14  0:17  Pylon  
  14  0:22  Probe (Chrono Boost)  
  15  0:36  Probe (Chrono Boost)  
  16  0:46  Probe (Chrono Boost)  
  17  1:08  Gateway  
  17  1:09  Gateway  
  17  1:23  Nexus  
  17  1:26  Probe (Chrono Boost)  
  18  1:34  Assimilator  
  18  1:37  Probe (Chrono Boost)  
  19  1:45  Pylon  
  19  1:50  Probe (Chrono Boost)  
  20  1:57  Cybernetics Core  
  20  2:01  Probe (Chrono Boost)  
  21  2:11  Probe (Chrono Boost)  
  22  2:23  Probe (Chrono Boost)  
  22  2:25  Assimilator  
  25  2:40  Gateway  
  25  2:41  Pylon  
  25  2:51  Pylon  
  24  2:58  Pylon  
  24  2:59  Probe (Chrono Boost)  
  24  3:01  Stalker (Chrono Boost)  
  25  3:12  Mothership Core (Chrono Boost)  
  27  3:15  Pylon  
  27  3:20  Probe (Chrono Boost)  
  28  3:48  Pylon  
  27  3:49  Pylon  
  27  4:02  Stalker (Chrono Boost)  
  29  4:21  Probe  
  29  4:22  Probe  
  31  4:27  Gateway, Robotics Facility  
  31  4:28  Warp Gate (Chrono Boost)  
  31  4:36  Probe  
  32  4:42  Gateway  
  32  4:43  Probe  
  32  4:44  Gateway  
  33  4:47  Probe  
  34  4:53  Probe  
  34  4:58  Probe  
  36  5:04  Probe  
  37  5:17  Probe  
  37  5:18  Probe  
  37  5:21  Observer  
  40  5:28  Probe  
  40  5:29  Probe  
  42  5:40  Twilight Council  
  42  5:41  Probe x2  
  42  5:42  Gateway  
  44  5:44  Gateway  
  44  5:49  Immortal (Chrono Boost)  
  48  5:51  Probe  
  48  5:54  Probe  
  48  5:57  Assimilator  
  50  6:01  Assimilator  
  50  6:05  Pylon  
  50  6:06  Pylon  
  50  6:08  Probe  
  50  6:09  Probe  
  52  6:23  Probe  
  53  6:28  Probe, Immortal (Chrono Boost)  
  58  6:35  Stalker x2  
  62  6:41  Probe, Blink  
  62  6:42  Probe, Nexus  
  64  6:47  Forge  
  64  6:52  Probe  
  65  6:54  Pylon  
  65  6:56  Probe  
  66  7:02  Sentry x4  
  66  7:05  Probe  
  75  7:11  Immortal (Chrono Boost)  
  79  7:15  Probe  
  79  7:16  Probe  
  79  7:20  Pylon  
  81  7:30  Protoss Ground Weapons Level 1  
  81  7:33  Photon Cannon  
  81  7:36  Photon Cannon  
  81  7:40  Probe, Photon Cannon  
  81  7:41  Probe  
  83  7:50  Probe  
  87  7:52  Immortal (Chrono Boost)  
  87  7:54  Probe  
  87  7:55  Probe  
  90  8:01  Probe  
  90  8:02  Photon Cannon  
  91  8:10  Photon Cannon  
  91  8:12  Probe  
  91  8:13  Probe  
  91  8:16  Stalker x2  
  97  8:20  Stalker  
  99  8:29  Templar Archives  
  99  8:31  Assimilator  
  99  8:33  Stalker x2  
  103  8:37  Assimilator  
  104  8:42  Stalker x2  
  107  8:51  Pylon  
  107  8:53  Pylon  
  107  8:58  Stalker x3  
  113  9:05  Warp Prism (Chrono Boost)  
  113  9:07  Stalker  
  117  9:26  Stalker x4  
  117  9:30  Protoss Ground Weapons Level 2 (Chrono Boost)  
  101  10:08  Stalker, Probe  
  101  10:09  Stalker x4  
  110  10:34  Stalker x3  
  110  10:35  Stalker x2  
  120  10:37  Probe  
  119  10:47  Gateway  
  119  10:48  Gateway  
  103  10:59  Stalker x4  
  103  11:00  Stalker  
  103  11:01  Nexus  
  103  11:03  Pylon  
  111  11:05  Pylon  
  111  11:07  Pylon  
  109  11:21  Gateway  
  109  11:23  Gateway  
  109  11:25  Gateway  
  109  11:26  Pylon  
  108  11:35  Stalker x3  
  108  11:36  Stalker  
  108  11:47  Stalker  
Show
View Real Time Build Order
Export as new Build Order

sweetfreeze Protoss 

Build Orders: Cannon Rush 

Get SALT Encoding   

  12  0:01  Probe (Chrono Boost)  
  13  0:12  Probe (Chrono Boost)  
  14  0:19  Pylon  
  14  0:24  Probe (Chrono Boost)  
  15  0:42  Probe (Chrono Boost), Forge  
  16  0:49  Pylon  
  16  0:52  Probe (Chrono Boost)  
  17  1:03  Probe (Chrono Boost)  
  18  1:16  Photon Cannon  
  18  1:17  Probe (Chrono Boost)  
  19  1:33  Pylon  
  19  1:38  Probe (Chrono Boost)  
  20  1:42  Gateway  
  20  1:44  Assimilator  
  20  1:48  Probe (Chrono Boost)  
  20  1:52  Photon Cannon  
  21  1:56  Photon Cannon  
  21  2:02  Photon Cannon  
  21  2:05  Probe (Chrono Boost)  
  22  2:16  Probe (Chrono Boost)  
  23  2:26  Probe (Chrono Boost)  
  25  2:51  Probe (Chrono Boost)  
  25  2:53  Assimilator  
  25  2:57  Cybernetics Core  
  25  3:01  Pylon  
  25  3:02  Probe (Chrono Boost)  
  25  3:05  Gateway  
  26  3:06  Pylon  
  26  3:08  Gateway  
  26  3:23  Probe (Chrono Boost)  
  27  3:27  Photon Cannon  
  28  3:34  Probe (Chrono Boost)  
  28  3:42  Pylon  
  28  4:05  Photon Cannon  
  28  4:10  Pylon, Photon Cannon  
  28  4:12  Pylon  
  28  4:13  Pylon  
  27  4:26  Probe (Chrono Boost)  
  28  4:37  Mothership Core (Chrono Boost), Nexus, Warp Gate  
  30  4:47  Robotics Facility  
  30  4:49  Photon Cannon  
  30  4:54  Pylon  
  30  4:59  Pylon  
  30  5:11  Probe (Chrono Boost)  
  30  5:22  Probe (Chrono Boost)  
  31  5:32  Probe (Chrono Boost)  
  31  5:33  Gateway  
  31  5:35  Protoss Ground Weapons Level 1  
  32  5:37  Observer  
  32  5:41  Pylon  
  33  5:43  Probe (Chrono Boost)  
  33  5:44  Gateway  
  34  5:50  Probe (Chrono Boost)  
  34  5:53  Probe (Chrono Boost)  
  36  5:57  Twilight Council  
  36  6:00  Probe (Chrono Boost)  
  36  6:01  Observer (Chrono Boost)  
  39  6:04  Probe (Chrono Boost)  
  39  6:17  Probe  
  39  6:19  Probe  
  39  6:21  Immortal (Chrono Boost)  
  45  6:26  Assimilator  
  45  6:28  Assimilator  
  45  6:29  Probe  
  45  6:31  Probe  
  47  6:37  Blink  
  47  6:42  Robotics Bay  
  47  6:43  Probe, Pylon  
  47  6:45  Probe  
  48  6:55  Probe  
  48  6:56  Probe  
  48  7:00  Immortal (Chrono Boost)  
  54  7:06  Probe  
  54  7:07  Probe  
  56  7:19  Probe  
  57  7:22  Nexus  
  57  7:29  Disruptor (Chrono Boost), Protoss Ground Weapons Level 2 (Chrono Boost)  
  60  7:57  Stalker x3  
  66  7:59  Stalker  
  66  8:00  Disruptor  
  66  8:04  Probe x2  
  73  8:07  Pylon  
  73  8:10  Robotics Facility  
  73  8:16  Probe  
  73  8:19  Pylon  
  74  8:22  Probe  
  75  8:28  Probe  
  75  8:32  Assimilator  
  77  8:34  Probe  
  77  8:35  Probe, Pylon  
  77  8:39  Photon Cannon  
  77  8:40  Probe  
  78  8:45  Probe  
  78  8:46  Probe  
  78  8:48  Disruptor  
  80  8:52  Probe  
  84  8:56  Probe  
  84  8:58  Probe, Disruptor  
  89  9:04  Probe, Assimilator  
  89  9:07  Probe  
  91  9:10  Probe  
  91  9:12  Templar Archives  
  91  9:16  Probe  
  93  9:17  Probe  
  93  9:22  Probe  
  95  9:28  Disruptor  
  95  9:34  Disruptor  
  101  9:39  Protoss Ground Weapons Level 3 (Chrono Boost)  
  75  9:56  Stalker  
  75  9:57  Stalker x4  
  68  10:16  Immortal  
  60  10:25  Immortal  
  60  10:27  Stalker x4  
  75  10:28  Stalker  
  80  11:00  Stalker  
  80  11:01  Stalker x2  
  82  11:16  Stalker x2  
  86  11:20  Nexus  
Tags
 
Add a new tag
Caveats
  • Supply blocks, unpowered buildings, or Contaminate may cause inaccurate times.
  • Supply counts are checked every 10 seconds.